 Dungeon Crawl Stone Soup version 0.24-a0-484-g962a3eeff7 (webtiles) character file.

Game seed: 13334820417784759718

38 Mithandil the Conjurer (level 3, -2/19 HPs)
             Began as a Deep Elf Conjurer on July 9, 2019.
             Slain by a leopard gecko (5 damage)
             ... on level 1 of the Dungeon.
             The game lasted 00:05:36 (779 turns).

Mithandil the Conjurer (Deep Elf Conjurer)           Turns: 779, Time: 00:05:36

Health: -2/19      AC:  2    Str:  6    XL:     3   Next: 25%
Magic:  0/10       EV: 13    Int: 19    God:
Gold:   53         SH:  0    Dex: 15    Spells: 6/9 levels left

rFire    . . .     SeeInvis .   a - +0 dagger
rCold    . . .     Gourm    .   (no shield)
rNeg     . . .     Faith    .   i - +0 robe
rPois    .         Spirit   .   (no helmet)
rElec    .         Reflect  .   (no cloak)
rCorr    .         Harm     .   (no gloves)
MR       .....                  (no boots)
Stlth    ++........             (no amulet)
HPRegen  0.06/turn              (no ring)
MPRegen  0.12/turn              (no ring)

@: no status effects
A: no striking features
a: no special abilities


You were on level 1 of the Dungeon.
You were not hungry.

You visited 1 branch of the dungeon, and saw 2 of its levels.

You collected 53 gold pieces.

Inventory:

Hand Weapons
 a - a +0 dagger (weapon)
Missiles
 h - 15 stones (quivered)
Armour
 i - a +0 robe (worn)
Scrolls
 b - a scroll of remove curse {unknown}
 e - 5 scrolls of identify {unknown}
 f - a scroll of noise {unknown}
 g - a scroll of amnesia {unknown}
Comestibles
 c - 2 rations
 d - a chunk of flesh


   Skills:
 + Level 2.9 Dodging
 + Level 3.0 Stealth
 + Level 3.5 Spellcasting
 * Level 4.9 Conjurations


You had 6 spell levels left.
You knew the following spells:

 Your Spells              Type           Power        Failure   Level  Hunger
a - Magic Dart            Conj           ###.         1%          1    None
b - Searing Ray           Conj           ###...       2%          2    ##.....

Your spell library contained the following spells:

 Spells                   Type           Power        Failure   Level  Hunger
 Dazzling Spray           Conj/Hex       ##....       16%         3    ###....
 Iskenderun's Mystic Bla  Conj           ###.....     19%         4    ####...
 Force Lance              Conj/Tloc      ##......     45%         4    ####...
 Fulminant Prism          Conj/Hex       ##........   45%         4    ####...


Dungeon Overview and Level Annotations

Branches:
Dungeon (2/15)

Altars:


Message History

The leopard gecko is moderately wounded.
The leopard gecko misses you.
You miss the leopard gecko.
The leopard gecko is moderately wounded.
The leopard gecko bites you but does no damage.
You barely miss the leopard gecko.
The leopard gecko is moderately wounded.
The leopard gecko closely misses you.
Casting: Magic Dart (safe; 1% risk of failure)
Confirm with . or Enter, or press ? or * to list all spells.
Aiming: Magic Dart (safe; 1% risk of failure)
Press: ? - help, Shift-Dir - straight line, f - leopard gecko
Aim: a leopard gecko (moderately wounded)
The magic dart hits the leopard gecko but does no damage.
The leopard gecko is moderately wounded.
The leopard gecko closely misses you. x2
You hit the leopard gecko.
The leopard gecko is heavily wounded.
The leopard gecko bites you.
You die...

#.#######.# #.# #.....# #.#
#.##### #.# #.# #.# #.# #.# #.#
#.###.# ##############...#.##
................@l..###########
.........#######.#............#
########.............########.#
### #....................#.#
..# #...#######...######.#.#
#.# #...##...##...######.#.#
#.# #...#.###.#...#......#.#
#.# #...#.#≈#.'...#.######.#
#.# #...'.'##.#...#......#.#


You could see a leopard gecko.

Vanquished Creatures
  2 adders (D:2)
  A dart slug (D:1)
  2 ball pythons (D:1)
  A giant cockroach (D:1)
  3 goblins
  A hobgoblin (D:1)
  3 bats (D:1)
  4 frilled lizards
  2 kobolds (D:2)
19 creatures vanquished.

Notes
Turn   | Place    | Note
-------+----------+-------------------------------------------
     0 | D:1      | Mithandil the Deep Elf Conjurer began the quest for the
                  | Orb.
     0 | D:1      | Reached XP level 1. HP: 10/10 MP: 6/6
   335 | D:1      | Reached XP level 2. HP: 15/15 MP: 6/8
   339 | D:1      | Learned a level 2 spell: Searing Ray
   744 | D:2      | Reached XP level 3. HP: 19/19 MP: 1/10
   779 | D:1      | Slain by a leopard gecko

Levels and vault maps discovered:
D:1:      minmay_arrival_stone_box, layout_basic
D:2:      layout_rooms, chequers_ecumenical_altar_island, minmay_split_cup_small

Skill      XL: |  1  2 |
---------------+-------+-----
Stealth        | 3 |  3.0
Dodging        | |  2.9
Spellcasting   | |  3.5
Conjurations   | |  4.9

Action                   || total
-------------------------++-------
Melee: Dagger            ||    13
 Cast: Magic Dart        ||    37
Armor: Robe              ||     7
Dodge: Dodged            ||    19

Table legend:
 A = Non-vault XP
 B = Vault XP
 C = Vault XP percentage of total XP
 D = Non-vault monster count
 E = Vault monster count
 F = Vault count percentage of total count
                 A         B        C        D         E       F
            +---------+---------+-------+---------+---------+-------
      Total |      55 |       0 |   0.0 |      19 |       0 |   0.0
            +---------+---------+-------+---------+---------+-------
        D:1 |      22 |       0 |   0.0 |      12 |       0 |   0.0
        D:2 |      33 |       0 |   0.0 |       7 |       0 |   0.0
            +---------+---------+-------+---------+---------+-------
